 Dungeon Crawl Stone Soup version 0.24-a0-335-g06ca16a (webtiles) character file.

Game seed: 769057912890792693

54067 Borgoz the Cruncher (level 14, -3/88 HPs)
             Began as a Gargoyle Gladiator on May 19, 2019.
             Was a High Priest of Ashenzari.
             Slain by a death yak (13 damage)
             ... on level 6 of the Lair of Beasts.
             The game lasted 00:42:00 (16478 turns).

Borgoz the Cruncher (Gargoyle Gladiator)           Turns: 16478, Time: 00:42:01

Health: -3/88      AC: 27    Str: 32    XL:     14   Next: 71%
Magic:  2/2        EV: 22    Int: 15    God:    Ashenzari [*****.]
Gold:   1215       SH:  0    Dex: 21    Spells: 12/13 levels left

rFire    + . .     SeeInvis +   b - +6 lajatang (antimagic) (curse)
rCold    . . .     Gourm    .   (shield currently unavailable)
rNeg     + + .     Faith    .   j - +2 ring mail of Cowardice {MR+ Regen+ Str+7}
rPois    ∞         Spirit   .   w - +3 helmet of a Labyrinth {rElec rF+ rN+}
rElec    +         Reflect  .   G - scarf {repulsion}
rCorr    +         Harm     .   N - +0 pair of gloves of Disguise {rPois MP-9 Dex+6} (curse)
MR       ++...     Clarity  +   E - +0 pair of boots
Stlth    +.........             U - amulet "Ojosch" {+Rage Int+7}
HPRegen  0.64/turn              V - ring "Yfat Sia" {rCorr Str+5}
MPRegen  0.08/turn              d - +4 ring of slaying

@: flying, repel missiles
A: big wings, negative energy resistance 1, electricity resistance, unbreathing,
petrification resistance, rot immunity, AC +10
a: Stop Flying, Curse Item, Scrying, Transfer Knowledge, Renounce Religion,
Evoke Berserk Rage


You were on level 6 of the Lair of Beasts.
You worshipped Ashenzari.
Ashenzari was extremely pleased with you.
You were not hungry.

You visited 3 branches of the dungeon, and saw 18 of its levels.
You also visited: Ossuary and Bailey.

You collected 1510 gold pieces.
You spent 295 gold pieces at shops.

Inventory:

Hand Weapons
 a - a +2 quarterstaff
 b - a cursed +6 antimagic lajatang (weapon)
Armour
 j - the +2 ring mail of Cowardice (worn) {MR+ Regen+ Str+7}
   (You found it on level 2 of the Lair of Beasts)

   It affects your strength (+7).
   It affects your resistance to hostile enchantments.
   It increases your rate of regeneration.
 w - the +3 helmet of a Labyrinth (worn) {rElec rF+ rN+}
   (You bought it in a shop on level 6 of the Dungeon)

   It protects you from fire.
   It insulates you from electricity.
   It protects you from negative energy.
 E - a +0 pair of boots (worn)
 G - a scarf of repulsion (worn)
 N - the cursed +0 pair of gloves of Disguise (worn) {rPois MP-9 Dex+6}
   (You found it on level 1 of the Lair of Beasts)

   It affects your dexterity (+6).
   It protects you from poison.
   It affects your magic capacity (-9).
   It has a curse placed upon it.
Jewellery
 d - a +4 ring of slaying (right hand)
 o - an uncursed ring of fire
 K - an uncursed ring of fire
 U - the amulet "Ojosch" (around neck) {+Rage Int+7}
   (You found it on level 5 of the Lair of Beasts)

   [amulet of rage]

   It affects your intelligence (+7).
   It lets you go berserk.
 V - the ring "Yfat Sia" (left hand) {rCorr Str+5}
   (You found it on level 3 of the Lair of Beasts)

   [ring of resist corrosion]

   It affects your strength (+5).
   It provides partial protection from all sources of acid and corrosion.
Wands
 c - a wand of iceblast (8)
 z - a wand of paralysis (9)
 F - a wand of digging (2)
 Q - a wand of disintegration (21)
 S - a wand of enslavement (22)
Scrolls
 g - 12 scrolls of magic mapping
 h - 5 scrolls of remove curse
 i - 11 scrolls of teleportation
 k - 6 scrolls of enchant armour
 n - 6 scrolls of enchant weapon
 r - 6 scrolls of fog
 t - 4 scrolls of blinking
 B - 2 scrolls of summoning
 C - 3 scrolls of fear
 Z - 2 scrolls of identify
Potions
 e - a potion of mutation
 l - 5 potions of might
 s - 6 potions of curing
 A - 3 potions of cancellation
 D - a potion of agility
 H - 3 potions of haste
 I - 4 potions of lignification
 J - 3 potions of resistance
 X - a potion of berserk rage
Comestibles
 f - 45 rations
 m - 9 chunks of flesh


   Skills:
 + Level 10.7 Fighting
 * Level 14.4(19.1) Staves
 - Level 1.7 Throwing
 + Level 11.1 Armour
 * Level 12.3 Dodging
 + Level 2.5 Evocations


You had 12 spell levels left.
You knew the following spells:

 Your Spells              Type           Power        Failure   Level  Hunger
a - Confusing Touch       Hex            #.....       34%         1    ##.....

Your spell library contained the following spells:

 Spells                   Type           Power        Failure   Level  Hunger
 Apportation              Tloc           #.....       34%         1    ##.....
 Magic Dart               Conj           #...         34%         1    ##.....
 Summon Butterflies       Summ           #.......     34%         1    ##.....
 Searing Ray              Conj           #.....       45%         2    ###....
 Confuse                  Hex            #.......     71%         3    ####...
 Dazzling Spray           Conj/Hex       #.....       71%         3    ####...
 Gell's Gravitas          Tloc           #.........   71%         3    ####...
 Lesser Beckoning         Tloc           #.........   71%         3    ####...
 Tukima's Dance           Hex            #.......     71%         3    ####...
 Cause Fear               Hex            #.........   98%         4    #####..
 Force Lance              Conj/Tloc      #.......     98%         4    #####..
 Fulminant Prism          Conj/Hex       #.........   98%         4    #####..
 Iskenderun's Mystic Bla  Conj           #.......     98%         4    #####..
 Petrify                  Tmut/Erth      #.......     98%         4    #####..
 Alistair's Intoxication  Tmut/Pois      #.......     100%        5    ######.
 Metabolic Englaciation   Hex/Ice        #.........   100%        5    ######.
 Silence                  Hex/Air        #.........   100%        5    ######.
 Yara's Violent Unravell  Hex/Tmut       #.........   100%        5    ######.
 Deflect Missiles         Chrm/Air       #.........   100%        6    #######
 Invisibility             Hex            #.......     100%        6    #######
 Discord                  Hex            #.........   100%        8    #######


Dungeon Overview and Level Annotations

Branches:
Dungeon (11/15)            Temple (1/1) D:5            Lair (6/6) D:8
 Shoals (0/4) Lair:2       Spider (0/4) Lair:3
  Slime: Lair:5-6       Orc: D:9-12

Altars:
Ashenzari
Cheibriados
Dithmenos
Elyvilon
Fedhas
Gozag
Hepliaklqana
Kikubaaqudgha
Makhleb
Nemelex Xobeh
Okawaru
Qazlal
Ru
Sif Muna
Trog
Uskayaw
Vehumet
Wu Jian
Xom
Yredelemnul
Zin
The Shining One

Shops:
D:4 =   D:6 [=(?   D:7 [

Annotations:
D:9 3 runed translucent doors, mhoghedin's ghost, novice DgNe


Innate Abilities, Weirdness & Mutations

You are resistant to torment.
Your stone body is resilient. (AC +10)
You are immune to poison.
Your large and strong wings let you fly indefinitely.
You resist negative energy. (rN+)
You are resistant to electric shocks. (rElec)
You can survive without breathing.
You are immune to petrification.
You are immune to rotting.


Message History

You kill the death yak!
You slice the yak!!
The yak is heavily wounded.
The death yak gores you!!
* * * LOW HITPOINT WARNING * * *
You slice the yak like a ripe choko!!!
You kill the yak!
The death yak gores you but does no damage.
You slice the death yak!!
You kill the death yak!
The death yak closely misses you.
You slash the death yak!
The death yak is moderately wounded.
The death yak closely misses you.
You slice the death yak!!
The death yak is severely wounded.
The death yak gores you.
* * * LOW HITPOINT WARNING * * *
You feel better. The death yak gores you!
You die...

, * ###......###.... ,
##......## ###.. , ,,*
#P.###...## , * ,,, .,
* #######...## , ,, 8.
###.###...# * ,8 ,...
* ##.....##..# * * *
,, , #..
###P..#......##*, * ,
*#..###.....##...÷..#*
*, *
#...Y@...####....## *
* , ##...###.#* ###.##
*, ,, , * #P..## #..#*
### ##.. * ##..#*** *
* * , * #..* #...**, *
* , ,* ** ..#* .... ,
* * * .## * ,.##. ,* *
,..** * , * ,,* * *
.., * , * , * * ,


You could see a death yak.

Vanquished Creatures
  Snorg (Lair:3)
  6 hydras
  4 catoblepae
  A centaur warrior (D:10)
  2 two-headed ogres (D:10)
  Erica (D:9)
  A tengu warrior (D:10)
  7 death yaks (Lair:6)
  Urug (Lair:5)
  2 unseen horrors (D:10)
  Pikel (D:7)
  3 orc knights (Bailey)
  4 oklob plants (Lair:5)
  4 manticores
  4 black mambas
  Maurice (D:8)
  Psyche (D:10)
  8 spiny frogs
  2 rime drakes
  A yaktaur (D:10)
  4 komodo dragons
  A tengu conjurer (D:10)
  A troll (D:10)
  Prince Ribbit (D:8)
  3 blink frogs (Lair:2)
  5 hippogriffs
  32 yaks
  2 wyverns
  3 hogs (D:10)
  A basilisk (Lair:4)
  3 wraiths
  A human (D:10)
  2 hungry ghosts
  9 water moccasins
  6 porcupines
  4 slaves (D:7)
  10 orc warriors
  A black bear (D:8)
  3 sky beasts
  A necrophage (D:11)
  2 ogres (D:10)
  6 ice beasts
  5 centaurs
  8 crocodiles
  14 bullfrogs
  A water moccasin zombie (D:8)
  6 scorpions
  A killer bee (D:10)
  4 wights (D:10)
  A howler monkey (D:7)
  2 crimson imps
  A bullfrog zombie (D:10)
  A centaur zombie (D:9)
  5 hounds
  2 bullfrog skeletons
  A gnoll shaman (D:9)
  2 orc priests
  2 centaur skeletons
  2 jellies
  Jessica (D:2)
  2 iguanas (D:5)
  6 orc wizards
  6 worker ants
  2 hound skeletons (D:5)
  2 mummies
  4 worker ant zombies
  5 gnolls (D:9)
  15 adders
  3 shadow imps
  An adder zombie (D:5)
  3 adder skeletons
  2 worms
  2 dart slugs (D:2)
  4 leopard geckos
  56 orcs
  2 ball pythons (D:1)
  5 giant cockroaches
  6 hobgoblins
  12 jackals
  3 kobolds
  3 quokkas
  4 bats
  6 frilled lizards
  7 gnoll skeletons (Ossuary)
  15 goblins
  4 kobold skeletons (Ossuary)
  A leopard gecko zombie (D:5)
  14 orc skeletons (Ossuary)
  3 rats
  A plant (Lair:5)
414 creatures vanquished.

Vanquished Creatures (collateral kills)
  A rime drake (Lair:5)
1 creature vanquished.

Vanquished Creatures (others)
  A bullfrog (Lair:5)
  7 plants
8 creatures vanquished.

Grand Total: 423 creatures vanquished

Notes
Turn   | Place    | Note
-------+----------+-------------------------------------------
     0 | D:1      | Borgoz the Gargoyle Gladiator began the quest for the Orb.
     0 | D:1      | Reached XP level 1. HP: 12/12 MP: 1/1
   411 | D:1      | Reached XP level 2. HP: 16/17 MP: 2/2
   975 | D:2      | Reached XP level 3. HP: 13/22 MP: 3/3
  1007 | D:2      | Reached skill level 1 in Armour
  1140 | D:2      | Found a shadowy altar of Dithmenos.
  1248 | D:2      | Noticed Jessica
  1254 | D:2      | Killed Jessica
  1254 | D:2      | Reached XP level 4. HP: 24/27 MP: 4/4
  1781 | D:3      | Reached skill level 4 in Staves
  1814 | D:3      | Reached XP level 5. HP: 29/32 MP: 5/5
  2419 | D:4      | Reached XP level 6. HP: 37/37 MP: 6/6
  2471 | D:4      | Found a sand-covered staircase.
  2475 | Ossuary  | Entered an ossuary
  2475 | Ossuary  | Noticed a wraith
  2475 | Ossuary  | Noticed a wraith
  2475 | Ossuary  | Noticed a wraith
  2753 | Ossuary  | Noticed a wraith
  2780 | Ossuary  | Killed a wraith
  2780 | Ossuary  | Reached skill level 5 in Staves
  2896 | D:4      | Found Nojiutin's Jewellery Boutique.
  3020 | D:4      | Got a twisted trident
  3251 | D:5      | Entered Level 5 of the Dungeon
  3251 | D:5      | Found a sacrificial altar of Ru.
  3409 | D:4      | Reached XP level 7. HP: 40/42 MP: 7/7
  3667 | D:5      | Found a staircase to the Ecumenical Temple.
  3693 | Temple   | Entered the Ecumenical Temple
  3777 | Temple   | Became a worshipper of Ashenzari the Shackled
  4649 | D:6      | Reached skill level 6 in Staves
  4649 | D:6      | Reached XP level 8. HP: 48/48 MP: 8/8
  4655 | D:6      | Found a blossoming altar of Fedhas.
  4655 | D:6      | Found Cavounn's Antique Armour Boutique.
  4663 | D:6      | Bought a steaming helmet for 247 gold pieces
  4673 | D:6      | Identified the +3 helmet of a Labyrinth {rElec rF+ rN+}
                  | (You bought it in a shop on level 6 of the Dungeon)
  4711 | D:6      | Found Ixuimm's Weapon Emporium.
  4721 | D:6      | Found Lusetedi's Magic Scroll Shoppe.
  4730 | D:6      | Bought a scroll of identify for 24 gold pieces
  4730 | D:6      | Bought a scroll of identify for 24 gold pieces
  4764 | D:6      | Found an iron altar of Okawaru.
  4788 | D:6      | Reached skill level 5 in Dodging
  4951 | D:6      | Found Noem's Jewellery Boutique.
  5158 | D:7      | Found a hazy altar of Hepliaklqana.
  5180 | D:7      | Found Dosaminys's Antique Armour Shop.
  5271 | D:7      | Reached * piety under Ashenzari
  5435 | D:7      | Found a radiant altar of Vehumet.
  5613 | D:7      | Noticed Pikel
  5655 | D:7      | Killed Pikel
  5655 | D:7      | Reached skill level 5 in Fighting
  5655 | D:7      | Reached skill level 7 in Staves
  5655 | D:7      | Reached XP level 9. HP: 25/54 MP: 9/9
  6421 | D:8      | Noticed Maurice
  6429 | D:8      | Paralysed by Maurice for 7 turns
  6458 | D:8      | Killed Maurice
  6458 | D:8      | Reached skill level 5 in Armour
  6506 | D:8      | Noticed Prince Ribbit
  6521 | D:8      | Killed Prince Ribbit
  6551 | D:8      | Reached skill level 8 in Staves
  6607 | D:8      | Found a staircase to the Lair.
  7203 | D:9      | Found a flagged portal.
  7408 | Bailey   | Entered a bailey
  7545 | Bailey   | Reached XP level 10. HP: 50/61 MP: 10/10
  7613 | Bailey   | Noticed an orc knight
  7614 | Bailey   | Noticed an orc knight
  7655 | Bailey   | Killed an orc knight
  7655 | Bailey   | Reached skill level 9 in Staves
  7660 | Bailey   | Killed an orc knight
  7728 | Bailey   | Noticed an orc knight
  7769 | Bailey   | Killed an orc knight
  7989 | D:9      | Found a basalt altar of Yredelemnul.
  8056 | D:9      | Found a snail-covered altar of Cheibriados.
  8092 | D:9      | Reached ** piety under Ashenzari
  8186 | D:9      | Found a runed translucent gate.
  8186 | D:9      | Found a runed translucent gate.
  8186 | D:9      | Found a runed translucent gate.
  8187 | D:9      | Noticed mhoghedin's ghost (novice DgNe)
  8188 | D:9      | Noticed an 11-headed hydra
  8194 | D:9      | Noticed Erica
  8212 | D:9      | Killed Erica
  8462 | D:10     | Entered Level 10 of the Dungeon
  8600 | D:10     | Reached skill level 10 in Staves
  8605 | D:10     | Noticed an unseen horror
  8632 | D:10     | Reached XP level 11. HP: 36/67 MP: 11/11
  8645 | D:10     | Killed an unseen horror
  9200 | D:10     | Noticed an unseen horror
  9226 | D:10     | Killed an unseen horror
  9582 | D:10     | Noticed a four-headed hydra
  9582 | D:10     | Noticed a centaur warrior
  9591 | D:10     | Killed a four-headed hydra
  9602 | D:10     | Killed a centaur warrior
  9718 | D:10     | Noticed a two-headed ogre
  9728 | D:10     | Killed a two-headed ogre
  9728 | D:10     | Reached skill level 11 in Staves
  9836 | D:10     | Noticed a two-headed ogre
  9847 | D:10     | Killed a two-headed ogre
 10204 | D:10     | Noticed a tengu warrior
 10236 | D:10     | Killed a tengu warrior
 10236 | D:10     | Reached XP level 12. HP: 49/75 MP: 12/12
 10541 | D:11     | Noticed Psyche
 10575 | D:10     | Killed Psyche
 10840 | D:11     | Noticed a death knight
 10882 | D:10     | Learned a level 1 spell: Confusing Touch
 11190 | Lair:1   | Entered Level 1 of the Lair of Beasts
 11362 | Lair:1   | Reached skill level 10 in Dodging
 11397 | Lair:1   | Reached skill level 12 in Staves
 11397 | Lair:1   | Reached XP level 13. HP: 77/80 MP: 13/13
 11539 | Lair:1   | Got the uncursed pair of gloves of Disguise {rPois MP-9
                  | Dex+6}
 11550 | Lair:1   | Identified the +0 pair of gloves of Disguise {rPois MP-9
                  | Dex+6} (You found it on level 1 of the Lair of Beasts)
 12084 | Lair:2   | Identified the +6 trident of Teiplupt {drain, rC+ MP+9
                  | Str+4} (You found it on level 4 of the Dungeon)
 12111 | Lair:2   | Found a staircase to the Shoals.
 12140 | Lair:2   | Reached skill level 13 in Staves
 12418 | Lair:2   | Reached skill level 10 in Armour
 12437 | Lair:2   | Reached *** piety under Ashenzari
 12732 | Lair:2   | Got the uncursed ring mail of Cowardice {MR+ Regen+ Str+7}
 12743 | Lair:2   | Identified the +2 ring mail of Cowardice {MR+ Regen+ Str+7}
                  | (You found it on level 2 of the Lair of Beasts)
 13019 | Lair:3   | Found a hole to the Spider Nest.
 13084 | Lair:3   | Identified a scroll of acquirement
 13258 | Lair:3   | Noticed Snorg
 13276 | Lair:3   | Killed Snorg
 13381 | Lair:3   | Got the cursed robe "Qucok" {rElec rC- Int+3}
 13482 | Lair:3   | Identified the ring "Yfat Sia" {rCorr Str+5}
 13872 | Lair:4   | Reached **** piety under Ashenzari
 14741 | Lair:5   | Noticed Urug
 14756 | Lair:5   | Killed Urug
 14804 | Lair:5   | Gained mutation: Your large and strong wings let you fly
                  | indefinitely. [Gargoyle growth]
 14804 | Lair:5   | Reached XP level 14. HP: 63/87 MP: 5/14
 14823 | Lair:5   | Reached skill level 10 in Fighting
 15102 | Lair:5   | Identified the amulet "Ojosch" {+Rage Int+7}
 15701 | Lair:6   | Entered Level 6 of the Lair of Beasts
 15712 | Lair:6   | Reached skill level 14 in Staves
 15743 | Lair:6   | Reached skill level 1 in Evocations
 15840 | Lair:6   | Identified the cursed +1 robe "Qucok" {rElec rC- Int+3}
                  | (You found it on level 3 of the Lair of Beasts)
 16363 | Lair:6   | Reached ***** piety under Ashenzari
 16472 | Lair:6   | HP: 3/88 [death yak (18)]
 16477 | Lair:6   | HP: 4/88 [death yak (1)]
 16478 | Lair:6   | Slain by a death yak

Levels and vault maps discovered:
D:1:      lightli_arrival_statue_moat, layout_basic, patterned_corridor
D:2:      layout_rooms, lemuel_crystal_altar, first_ration, uniq_jessica
D:3:      cheibrodos_greedy_goblins, layout_basic,
          minmay_fractal_squares_gapless_5
D:4:      layout_rooms, nicolae_ossuary_entry_false_entrances, serial_shops,
          shop, chequers_serial_rivers_micro_e
D:5:      layout_basic, nicolae_ru_awakened_eye, minmay_temple_entry_waves
D:6:      layout_rooms, lemuel_round_altar, serial_shops,
          nicolae_shop_competitors_out_of_business, nicolae_shop_behind_doors,
          shop_statue, shop, fedhas_altar_2
D:7:      layout_loops_corners, vehumet_altar_wand_db, lemuel_crystal_altar,
          serial_shops, nicolae_shop_overgrown_old_shop,
          hangedman_decor_peaks_small, uniq_pikel
D:8:      layout_loops_corners, lair_entry_dummy, uniq_prince_ribbit1,
          uniq_maurice
D:9:      layout_long_grid, slow_altar_2, yredelemnul_altar_generic,
          gammafunk_ghost_hydra_chop, enter_bailey_3, uniq_erica
D:10:     layout_gridville, grunt_livestock, minmay_shattered_shrine
D:11:     layout_basic, minivault_27, minmay_joined_circles, uniq_psyche,
          uniq_josephine
Temple:   regret_index_temple_waves
Lair:1:   layout_concentric_octagons
Lair:2:   cheibrodos_lair_river_kwai, layout_chaotic_city, shoals_dummy_entry,
          lemuel_fruit_tree
Lair:3:   layout_hall_layers, spider_nest_entry_web_field, grunt_megastairs_2,
          uniq_snorg
Lair:4:   layout_cave_pods, cheibrodos_lair_caveside_slide,
          chequers_serial_rivers_micro_a
Lair:5:   nzn_motion_control, layout_cave_pods, minmay_lair_oklob_chamber,
          uniq_urug
Lair:6:   evilmike_catoblepas_cave, layout_cave_shapes,
          nicolae_slime_entry_slimehenge

Skill      XL: |  1  2  3  4  5  6  7  8  9 10 11 12 13 14 |
---------------+-------------------------------------------+-----
Armour         | 1 2 3 4 5 7 8 9 10 11 | 11.1
Dodging        | 3 4 5 7 8 9 10 11 12 | 12.3
Staves         | 4 5 6 7 8 10 11 12 13 14 | 14.4
Fighting       | 3 4 5 6 7 8 9 10 | 10.7
Evocations     | 2 |  2.5
Throwing       | |  1.7

Action                   |  1- 3 |  4- 6 |  7- 9 | 10-12 | 13-15 || total
-------------------------+-------+-------+-------+-------+-------++-------
Melee: Quarterstaff      |    74 |   238 |   579 |   580 |   449 ||  1920
       Lajatang          |       |       |       |       |   108 ||   108
Throw: Throwing net      |       |     1 |     2 |     2 |       ||     5
Invok: Curse Item        |       |       |       |       |     2 ||     2
 Abil: Fly               |       |       |       |       |     1 ||     1
Evoke: Wand              |       |       |     5 |    14 |    32 ||    51
  Use: Potion            |     2 |     1 |     4 |     6 |     4 ||    17
       Scroll            |       |     7 |     6 |     6 |    17 ||    36
 Stab: Sleeping          |     1 |       |       |       |       ||     1
       Paralysed         |       |       |       |     3 |       ||     3
       Confused          |       |       |       |     2 |       ||     2
       Held in net/web   |       |       |       |     3 |       ||     3
       Distracted        |       |       |       |     1 |       ||     1
       Petrified         |       |       |       |       |     6 ||     6
  Eat: Chunk             |     1 |     7 |    19 |    14 |    16 ||    57
       Ration            |       |       |     1 |     1 |       ||     2
Armor: Leather armour    |    40 |    20 |       |       |       ||    60
       Scale mail        |       |   125 |   112 |       |       ||   237
       Plate armour      |       |       |   365 |   447 |   126 ||   938
       Ring mail         |       |       |       |       |   124 ||   124
Dodge: Dodged            |    46 |   190 |   420 |   277 |   393 ||  1326
       Deflected         |       |       |     2 |     8 |     9 ||    19

Table legend:
 A = Non-vault XP
 B = Vault XP
 C = Vault XP percentage of total XP
 D = Non-vault monster count
 E = Vault monster count
 F = Vault count percentage of total count
                 A         B        C        D         E       F
            +---------+---------+-------+---------+---------+-------
      Total |   31418 |   29584 |  48.5 |     266 |     144 |  35.1
            +---------+---------+-------+---------+---------+-------
        D:1 |      16 |       0 |   0.0 |      11 |       0 |   0.0
        D:2 |      63 |      37 |  37.0 |      13 |       1 |   7.1
        D:3 |      93 |      37 |  28.5 |      14 |      14 |  50.0
        D:4 |     157 |       0 |   0.0 |      11 |       0 |   0.0
        D:5 |     555 |       0 |   0.0 |      27 |       0 |   0.0
        D:6 |     284 |       0 |   0.0 |       9 |       0 |   0.0
        D:7 |     356 |     630 |  63.9 |      12 |       2 |  14.3
        D:8 |     430 |     726 |  62.8 |       7 |       2 |  22.2
        D:9 |    1087 |     909 |  45.5 |      30 |       6 |  16.7
       D:10 |    3541 |    7953 |  69.2 |      37 |      20 |  35.1
       D:11 |     603 |       0 |   0.0 |       8 |       0 |   0.0
     Lair:1 |    3790 |       0 |   0.0 |      15 |       0 |   0.0
     Lair:2 |    4405 |    2108 |  32.4 |      17 |       6 |  26.1
     Lair:3 |    1072 |    1608 |  60.0 |       6 |       3 |  33.3
     Lair:4 |    3007 |       0 |   0.0 |      13 |       0 |   0.0
     Lair:5 |    4086 |    5981 |  59.4 |      15 |       9 |  37.5
     Lair:6 |    7873 |    6682 |  45.9 |      21 |      14 |  40.0
    Ossuary |       0 |     237 | 100.0 |       0 |      27 | 100.0
     Bailey |       0 |    2676 | 100.0 |       0 |      40 | 100.0
            +---------+---------+-------+---------+---------+-------
